 Dungeon Crawl Stone Soup version 0.20-a0-514-g839ffe0 (webtiles) character file.

2732 GordonOverkill the Destroyer (level 9, 0/52 HPs)
             Began as a Deep Elf Conjurer on Jan 24, 2017.
             Was a Follower of Sif Muna.
             Slain by an orc warrior
             ... wielding a +0 glaive
              (18 damage)
             ... on level 9 of the Dungeon.
             The game lasted 00:25:11 (8030 turns).

GordonOverkill the Destroyer (Deep Elf Conjurer)    Turns: 8030, Time: 00:25:12

Health: 0/52       AC:  5    Str:  8    XL:     9   Next: 40%
Magic:  7/23       EV: 14    Int: 24    God:    Sif Muna [*.....]
Gold:   231        SH:  0    Dex: 17    Spells: 12/24 levels left

rFire    . . .     SeeInvis .   A - +2 dagger (speed)
rCold    + + .     Gourm    .   a - +0 robe
rNeg     . . .     Faith    .   (no shield)
rPois    .         Spirit   .   w - +0 helmet "Garoarro" {rC++ Regen+}
rElec    .         Reflect  .   o - +1 cloak
rCorr    .         Harm     .   (no gloves)
MR       +....                  (no boots)
Stlth    +++.......             (no amulet)
Regen    0.6/turn               n - ring of wizardry
                                x - +3 ring of strength

@: about to teleport, divine energy
A: thin skeletal structure 1, magic resistance 1
a: Stop Divine Energy, Renounce Religion


You were on level 9 of the Dungeon.
You worshipped Sif Muna.
Sif Muna was aware of your devotion.
You were not hungry.

You visited 2 branches of the dungeon, and saw 9 of its levels.

You collected 231 gold pieces.

Inventory:

Hand Weapons
 A - a +2 dagger of speed (weapon)
Armour
 a - a +0 robe (worn)
 o - a +1 cloak (worn)
 w - the +0 helmet "Garoarro" (worn) {rC++ Regen+}
   (You took it off Robin on level 4 of the Dungeon)

   It greatly protects you from cold.
   It increases your rate of regeneration.
 y - a +0 large shield
Jewellery
 h - an uncursed ring of flight
 n - a ring of wizardry (right hand)
 x - a +3 ring of strength (left hand)
Wands
 i - a wand of iceblast (7/15)
 u - a wand of disintegration (6/24)
Scrolls
 e - 4 scrolls of remove curse
 f - 5 scrolls of identify
 g - 2 scrolls of teleportation
 l - 3 scrolls of enchant armour
 p - 2 scrolls of magic mapping
 q - 2 scrolls of enchant weapon
 r - a scroll of recharging
 s - a scroll of amnesia
Potions
 d - a potion of flight
 k - a potion of haste
 m - a potion of agility
 t - a potion of curing {unknown}
 z - 2 potions of heal wounds
Books
 b - a book of Conjurations

   Spells                             Type                      Level
   a - Magic Dart                     Conjuration                  1
   b - Searing Ray                    Conjuration                  2
   c - Dazzling Spray                 Conjuration/Hexes            3
   d - Fulminant Prism                Conjuration/Hexes            4
   e - Iskenderun's Mystic Blast      Conjuration                  4
   f - Iskenderun's Battlesphere      Conjuration/Charms           5
Comestibles
 c - 7 bread rations
 j - 3 meat rations
 v - a chunk of flesh


   Skills:
 - Level 4.0 Fighting
 + Level 3.3 Dodging
 - Level 2.4 Stealth
 + Level 8.4 Spellcasting
 * Level 10.6 Conjurations
 + Level 6.7 Charms


You had 12 spell levels left.
You knew the following spells:

 Your Spells              Type           Power        Failure   Level  Hunger
a - Magic Dart            Conj           ####         1%          1    None
b - Searing Ray           Conj           ######       1%          2    None
c - Iskenderun's Battles  Conj/Chrm      ######..     2%          5    ####...
d - Iskenderun's Mystic   Conj           ######..     1%          4    ##.....


Dungeon Overview and Level Annotations

Branches:
Dungeon (7/15)             Temple (1/1) D:6

Altars:
Ashenzari
Cheibriados
Dithmenos
Elyvilon
Fedhas
Gozag
Hepliaklqana
Kikubaaqudgha
Makhleb
Nemelex Xobeh
Okawaru
Qazlal
Ru
Sif Muna
Trog
Uskayaw
Vehumet
Xom
Yredelemnul
Zin
The Shining One


Innate Abilities, Weirdness & Mutations

You have a somewhat thin skeletal structure. (Dex +2, Stealth)
You are resistant to hostile enchantments. (MR+)


Message History

The hornet is lightly wounded.
Your battlesphere fires!
The barrage of energy hits the hornet.
The hornet is severely wounded.
A magic dart appears from out of thin air!
The magic dart hits you! The kobold completely misses you.
The orc warrior hits you from afar with a glaive!!
A big kobold and a howler monkey come into view.
Something hits you but does no damage.
As you read the scroll of teleportation, it crumbles to dust.
You feel strangely unstable. Something hits you but does no damage.
The kobold closely misses you. The orc warrior misses you.
You hear some strange, mumbled words.
A magic dart appears from out of thin air!
The magic dart hits you! The kobold hits you but does no damage.
Something hits you.
The howler monkey hoots and howls with incredible vigour!
The orc warrior hits you from afar with a glaive!!
You die...

#............
#...........y
#............
#.....h......
##.........h..
###..)*#.#
#....†.KK#
#.....o.y#
#.....).@#
#....[...#
#....)...#
..........#
.#...(....#
.......#.#
#####.#.#
###.#


You could see a hornet, an orc warrior, a howler monkey, 2 kobolds and a
friendly battlesphere.

Vanquished Creatures
  Prince Ribbit (D:6)
  An orc warrior (D:6)
  2 sky beasts
  2 centaurs
  4 ogres
  A big kobold (D:7)
  3 bullfrogs
  A scorpion (D:6)
  5 wights (D:6)
  A howler monkey (D:6)
  2 crimson imps (D:6)
  A centaur zombie (D:6)
  Crazy Yiuf (D:4)
  4 hounds
  A jelly (D:6)
  2 orc priests
  10 orc wizards
  2 bullfrog skeletons
  2 iguanas
  3 worker ants (D:5)
  A hound skeleton (D:4)
  Robin (D:4)
  A howler monkey skeleton (D:5)
  11 adders
  11 gnolls
  A shadow imp (D:6)
  An adder zombie (D:6)
  4 worms
  2 dart slugs
  4 leopard geckos
  36 orcs
  6 giant cockroaches
  10 goblins
  13 hobgoblins
  9 jackals
  6 quokkas
  5 ball pythons
  9 bats
  4 frilled lizards
  A giant cockroach zombie (D:4)
  12 kobolds
  A quokka skeleton (D:5)
  5 rats
203 creatures vanquished.

Notes
Turn   | Place    | Note
-------+----------+-------------------------------------------
     0 | D:1      | GordonOverkill the Deep Elf Conjurer began the quest for the Orb.
     0 | D:1      | Reached XP level 1. HP: 10/10 MP: 6/6
   187 | D:1      | Reached skill level 5 in Conjurations
   187 | D:1      | Reached XP level 2. HP: 15/15 MP: 4/8
   490 | D:1      | Learned a level 2 spell: Searing Ray
   920 | D:1      | Reached XP level 3. HP: 19/19 MP: 6/9
  1593 | D:2      | Reached XP level 4. HP: 24/24 MP: 5/11
  1934 | D:2      | Reached skill level 6 in Conjurations
  2591 | D:3      | Reached XP level 5. HP: 26/28 MP: 8/13
  3054 | D:4      | Noticed Robin
  3104 | D:4      | Learned a level 5 spell: Iskenderun's Battlesphere
  3109 | D:4      | Learned a level 4 spell: Iskenderun's Mystic Blast
  3112 | D:4      | Killed Robin
  3119 | D:4      | Reached skill level 7 in Conjurations
  3223 | D:4      | Noticed an ogre
  3229 | D:4      | Killed an ogre
  3229 | D:4      | Reached skill level 5 in Spellcasting
  3229 | D:4      | Reached XP level 6. HP: 27/32 MP: 7/15
  3287 | D:4      | Got a spiked helmet
  3295 | D:4      | Identified the +0 helmet "Garoarro" {rC++ Regen+} (You took it off Robin on level 4 of the Dungeon)
  3593 | D:4      | Noticed a sky beast
  3601 | D:4      | Killed a sky beast
  3601 | D:4      | Reached skill level 1 in Fighting
  3601 | D:4      | Reached skill level 1 in Charms
  3770 | D:4      | Found a runed door.
  3807 | D:4      | Reached XP level 7. HP: 38/38 MP: 5/17
  3812 | D:4      | Reached skill level 8 in Conjurations
  4156 | D:4      | Gained mutation: You are resistant to hostile enchantments. (MR+) [potion of beneficial mutation]
  4157 | D:4      | Gained mutation: You have a somewhat thin skeletal structure. (Dex +2, Stealth) [potion of beneficial mutation]
  4523 | D:4      | Noticed Crazy Yiuf
  4526 | D:4      | Killed Crazy Yiuf
  4596 | D:5      | Entered Level 5 of the Dungeon
  5323 | D:5      | Reached XP level 8. HP: 39/45 MP: 8/19
  6076 | D:6      | Reached skill level 9 in Conjurations
  6078 | D:6      | Noticed Prince Ribbit
  6084 | D:6      | Killed Prince Ribbit
  6446 | D:6      | Reached skill level 5 in Charms
  6603 | D:6      | Found a staircase to the Ecumenical Temple.
  6625 | Temple   | Entered the Ecumenical Temple
  6803 | Temple   | Became a worshipper of Sif Muna the Loreminder
  7020 | D:6      | Reached skill level 10 in Conjurations
  7140 | D:6      | Reached XP level 9. HP: 37/51 MP: 11/22
  7470 | D:6      | Reached * piety under Sif Muna
  8016 | D:7      | You fall through a shaft for 2 floors!
  8030 | D:9      | Slain by an orc warrior

Vault maps used:
D:1:      mrwooster_arrival_statue
D:2:      first_bread
D:4:      uniq_crazy_yiuf_cottage, uniq_robin
D:6:      minmay_temple_entry_trees, kennysheep_dice, uniq_prince_ribbit1
D:7:      corexii_shack_village, grunt_decor_cap, dk_yredelemnul_ordeal
Temple:   minmay_crystal_snake_temple

Skill      XL: |  1  2  3  4  5  6  7  8  9 |
---------------+----------------------------+-----
Conjurations   | 5 6 7 8 10 | 10.6
Spellcasting   | 4 5 6 7 8 |  8.4
Fighting       | 1 2 3 4 |  4.0
Charms         | 2 3 5 6 |  6.7
Dodging        | 3 |  3.3
Stealth        | |  2.4

Action                   |  1- 3 |  4- 6 |  7- 9 || total
-------------------------+-------+-------+-------++-------
Melee: Flail             |       |     1 |     8 ||     9
 Cast: Magic Dart        |    74 |   103 |   219 ||   396
       Searing Ray       |     2 |    14 |    22 ||    38
       Iskenderun's Batt |       |     2 |    21 ||    23
       Iskenderun's Myst |       |       |     2 ||     2
Invok: Divine Energy     |       |       |     1 ||     1
  Use: Scroll            |       |       |    15 ||    15
       Potion            |       |       |     2 ||     2
  Eat: Chunk             |     2 |     7 |    15 ||    24
       Royal jelly       |       |       |     1 ||     1
       Fruit             |       |       |     1 ||     1
Armor: Robe              |     1 |     3 |    14 ||    18
Dodge: Dodged            |     9 |    15 |    54 ||    78
